[Event "1st Bangalore GM-Open-B 2024"]
[Site "Bangalore"]
[Date "2024.01.20"]
[Round "8.3"]
[White "Yash Abhijit Patil"]
[Black "Nayak, Biswajit"]
[Result "1/2-1/2"]
[ECO "E17"]
[WhiteElo "1689"]
[BlackElo "1990"]
[Annotator "NA RC"]
[PlyCount "211"]
[EventDate "2024.01.20"]
[EventType "swiss"]
[EventCountry "IND"]
[SourceTitle "playchess.com"]
[Source "ChessBase"]
[SourceQuality "1"]
[TimeControl "3600+30"]

1. d4 Nf6 2. Nf3 d5 3. c4 e6 4. g3 Be7 5. Bg2 O-O 6. O-O Nbd7 7. b3 b6 8. Bb2 Bb7 9. Nc3 c5 10. cxd5 Nxd5 11. Rc1 Rc8 12. Nxd5 Bxd5 13. Qd3 cxd4 14. Bxd4 Rxc1 15. Rxc1 Nc5 16. Qc3 Bf6 17. Bxf6 gxf6 18. Qe3 Qb8 19. b4 Nd7 20. a3 Rc8 21. Rd1 Nf8 22. h4 Qc7 23. Kh2 Qc3 24. Rd3 Qc1 25. Qd4 Qh6 26. Nd2 Bxg2 27. Kxg2 f5 28. a4 Qg7 29. Qd6 h6 30. a5 bxa5 31. bxa5 Qa1 32. Nb3 Qa4 33. Qd4 Qxd4 34. Rxd4 Rb8 35. Nd2 Rb5 36. Nc4 Rc5 37. f4 f6 38. h5 e5 39. fxe5 fxe5 40. Rh4 Kf7 41. Ne3 Kf6 42. Rc4 Ne6 43. Rxc5 Nxc5 44. Nc4 e4 45. Kf2 Kg5 46. Ke3 Nb3 47. a6 Nc5 48. Ne5 Nxa6 49. Nc6 Nc7 50. Nxa7 Ne6 51. Nb5 Kxh5 52. Nd6 Kg4 53. Nf7 Kh5 54. Nd6 Kg5 55. Nf7+ Kg6 56. Nd6 h5 57. Nc4 Kg5 58. Ne5 Kf6 59. Nd7+ Kg6 60. Ne5+ Kg5 61. Nf7+ Kf6 62. Nd6 Nd8 63. Kf4 Ne6+ 64. Ke3 Kg6 65. Nc4 Nc7 66. Kd4 Kf6 67. Nd6 Ke6 68. Nc4 Nb5+ 69. Ke3 Nc3 70. Kf2 Kd5 71. Ne3+ Ke5 72. Nc4+ Ke6 73. Ke3 Kf6 74. Nd6 Kg6 75. Kf2 Nd1+ 76. Ke1 Ne3 77. Kf2 Ng4+ 78. Kg2 Kf6 79. Ne8+ Kf7 80. Nd6+ Kg6 81. Nc4 Kg5 82. Kh3 Nf2+ 83. Kg2 Nd1 84. Nd6 Kg4 85. Nf7 Ne3+ 86. Kf2 Nd1+ 87. Kg2 Nc3 88. Ne5+ Kg5 89. Kf2 Kf6 90. Nc4 Ke6 91. Ne3 Nd5 92. Nc4 Nf6 93. Ke3 Nd5+ 94. Kf2 Ne7 95. Ke3 Kf6 96. Nd6 Kg5 97. Kf2 Ng8 98. Kg2 Kg4 99. Kf2 Ne7 100. Kg2 Nd5 101. Nc4 f4 102. gxf4 Kxf4 103. Kh3 Ne3 104. Nd6 Nf5 105. Nc4 h4 106. Kh2 1/2-1/2

[Event "1st Bangalore GM-Open-B 2024"]
[Site "Bangalore"]
[Date "2024.01.20"]
[Round "8.4"]
[White "Sivathanujan, S."]
[Black "Patil Divya"]
[Result "0-1"]
[ECO "C54"]
[WhiteElo "1821"]
[BlackElo "1669"]
[Annotator "NA RC"]
[PlyCount "151"]
[EventDate "2024.01.20"]
[EventType "swiss"]
[EventCountry "IND"]
[SourceTitle "playchess.com"]
[Source "ChessBase"]
[SourceQuality "1"]
[TimeControl "3600+30"]

1. e4 e5 2. Nf3 Nc6 3. Bc4 Bc5 4. d3 Nf6 5. c3 d6 6. a4 a6 7. O-O Ba7 8. Be3 O-O 9. Nbd2 h6 10. h3 Re8 11. Bb3 Ne7 12. Nh4 d5 13. Bxa7 Rxa7 14. f4 exf4 15. Rxf4 Qd6 16. Qf3 Be6 17. Qf2 Raa8 18. Re1 Nh5 19. Rf3 g5 20. g4 Nf4 21. Ng2 Neg6 22. Nxf4 Nxf4 23. e5 Qf8 24. d4 Qg7 25. Nf1 h5 26. gxh5 Nxh3+ 27. Rxh3 Bxh3 28. Bxd5 c6 29. Bb3 Be6 30. Bc2 Qh6 31. Ng3 Kf8 32. Ne4 Qxh5 33. Nf6 Qh4 34. Qxh4 gxh4 35. Nxe8 Rxe8 36. Re4 Bf5 37. Re2 Be6 38. Rg2 Ke7 39. Rg5 Rd8 40. b4 a5 41. bxa5 Ra8 42. Kf2 Rxa5 43. Ke3 Ra8 44. Kf2 b5 45. Be4 bxa4 46. Bxc6 Ra5 47. Rg1 a3 48. Ra1 a2 49. Be4 Bc4 50. Ke3 Ra3 51. Kd2 Ra6 52. d5 Ra5 53. Ke3 Bxd5 54. Bxd5 Rxd5 55. Rxa2 Rxe5+ 56. Kf3 Rg5 57. Rh2 Rg3+ 58. Kf2 Rg4 59. Rh3 f5 60. Rd3 Ke6 61. Rd8 Rc4 62. Rh8 Kd5 63. Ke3 Rg4 64. Kf3 Rd4 65. Ke3 Rc4 66. Kd3 Ke5 67. Re8+ Kf4 68. Rh8 h3 69. Rf8 Rc7 70. Rg8 Kf3 71. Rh8 Rd7+ 72. Kc2 Kg2 73. Rg8+ Kh1 74. Rg5 f4 75. Rf5 Kg2 76. Rg5+ 0-1

[Event "1st Bangalore GM-Open-B 2024"]
[Site "Bangalore"]
[Date "2024.01.20"]
[Round "8.5"]
[White "Ithal, H L Rajath"]
[Black "Bharat Bansal"]
[Result "0-1"]
[ECO "C10"]
[WhiteElo "1786"]
[BlackElo "1598"]
[Annotator "NA RC"]
[PlyCount "100"]
[EventDate "2024.01.20"]
[EventType "swiss"]
[EventCountry "IND"]
[SourceTitle "playchess.com"]
[Source "ChessBase"]
[SourceQuality "1"]
[TimeControl "3600+30"]

1. e4 e6 2. d4 d5 3. Nd2 dxe4 4. Nxe4 Bd7 5. Nf3 Bc6 6. Bd3 Nd7 7. O-O Ngf6 8. Qe2 Nxe4 9. Bxe4 Bxe4 10. Qxe4 c6 11. c4 Be7 12. Bf4 Nf6 13. Qe2 O-O 14. Rad1 Re8 15. h3 Qa5 16. b3 Rad8 17. Rd3 Qf5 18. Be5 Rd7 19. Rfd1 Red8 20. Qe3 Bd6 21. g4 Qg6 22. Nh4 Qe4 23. Bxf6 Qxe3 24. fxe3 gxf6 25. Kf2 c5 26. d5 Be7 27. Ke2 exd5 28. Rxd5 Rxd5 29. Rxd5 Rxd5 30. cxd5 Kf8 31. Kd3 Ke8 32. Kc4 Kd7 33. Nf5 Bd6 34. Kb5 Kc7 35. a4 a6+ 36. Ka5 Be5 37. d6+ Kc6 38. b4 Bc3 39. Ne7+ Kxd6 40. Kb6 Kxe7 41. bxc5 Bb4 42. a5 Kd7 43. Kxb7 Bxc5 44. e4 Kd6 45. Kxa6 Ke5 46. Kb5 Bf2 47. Kc6 Kxe4 48. Kd7 f5 49. g5 Kf4 50. h4 Bxh4 0-1

[Event "1st Bangalore GM-Open-B 2024"]
[Site "Bangalore"]
[Date "2024.01.21"]
[Round "9.1"]
[White "Selvamurugan B"]
[Black "Jaidambareesh N R"]
[Result "1-0"]
[ECO "B31"]
[WhiteElo "1920"]
[BlackElo "1757"]
[Annotator "TA"]
[PlyCount "92"]
[EventDate "2024.01.20"]
[EventType "swiss"]
[EventCountry "IND"]
[SourceTitle "playchess.com"]
[Source "ChessBase"]
[SourceQuality "1"]
[TimeControl "3600+30"]

1. e4 c5 2. Nf3 Nc6 3. Bb5 g6 4. O-O Bg7 5. Re1 Nf6 6. e5 Nd5 7. Nc3 Nc7 8. Bxc6 dxc6 9. Ne4 b6 10. Nf6+ Kf8 11. Ne4 Bg4 12. d3 Ne6 (12... Bxe5 $5 13. h3 Bxf3 14. Qxf3 Bg7 $11) 13. Ned2 Qd5 14. h3 Bxf3 {[%emt 0:00:08] White has an edge.} 15. Nxf3 h6 16. a4 Rd8 17. Be3 Kg8 18. Qb1 Bxe5 19. Nxe5 Qxe5 20. b4 Qd6 21. bxc5 bxc5 22. Qb3 Kh7 23. Rab1 Rd7 24. a5 Rf8 25. Qc4 Nd4 26. a6 e5 (26... Qd5 27. Qxd5 cxd5 28. Rb7 (28. Bxd4 cxd4 29. Rb7 Rxb7 $11) 28... Rxb7 29. axb7 $16) 27. Rb7 Rxb7 28. axb7 Qc7 (28... a5 $142) 29. Qxc5 $16 {[%emt 0:01:08] White is more active.} Rb8 {[%emt 0:00:10][%mdl 8192] A mistake that costs the game.} (29... Ne6 $16 30. Qxa7 Rb8) 30. Bxd4 $18 (30. Qxa7 Rxb7 31. Qa2 h5 $11) 30... exd4 {[%emt 0:01:01][%mdl 4096] Endgame. KQR-KQR} 31. Re7 (31. Qxd4 Rxb7 32. Qc5 Rb5 $11) 31... Qf4 32. g3 (32. Qxa7 Qc1+ 33. Kh2 Qf4+ 34. Kh1 Qc1+ 35. Kh2 Qf4+ 36. Kh1 Qc1+ 37. Kh2 $11) 32... Qf6 33. Qxa7 Qd6 34. Rxf7+ Kh8 {[%emt 0:01:08] [#]} 35. Rd7 $3 Qe5 36. Qb6 (36. Qa8 $142 Qe8 37. Qa7 (37. Rxd4 $2 {too greedy.} Rxa8 38. bxa8=B Qxa8 $19) 37... Qe5 38. Kg2 (38. Qxd4 Qxd4 39. Rxd4 Rxb7 $18) (38. Rxd4 h5 $18) 38... g5 39. Qb6 (39. Qxd4 Qxd4 40. Rxd4 Rxb7 $18) (39. Rxd4 g4 $18) 39... Rg8 40. Qxc6 (40. Qxd4 Qxd4 41. Rxd4 Kg7 $18) 40... Qg7 41. Rxg7 Kxg7 42. Qc7+ Kf6 43. b8=Q (43. b8=B Re8 $18)) 36... Rf8 37. Qxd4 Qxd4 38. Rxd4 {[%emt 0:00:03] Ra4 would kill now. KR-KR} Kg7 39. Rd7+ Kf6 40. Rc7 {[%emt 0:00:06][%cal Oc7c8] [#] White threatens Rc8! and mate.} Rb8 41. Rxc6+ Kf5 42. Rb6 {[%emt 0:00:07] Hoping for f4.} h5 43. c4 {[%emt 0:00:16][%cal Bc2c4,Bc4c5,Bc5c6][%mdl 32] White mates.} Ke5 44. c5 Kd5 45. c6 Kd6 46. Ra6 Kd5 {[%emt 0:00:09] Weighted Error Value: White=0.07 (flawless) /Black=0.61.  Loses game:     	---       	Black=1      Mistake:       	---       	Black=1      Inaccurate:     	---       	Black=1      OK:         	White=8     	Black=4      Best:        	White=1     	Black=1} 1-0

[Event "1st Bangalore GM-Open-B 2024"]
[Site "Bangalore"]
[Date "2024.01.21"]
[Round "9.2"]
[White "Madhesh Kumar S"]
[Black "Kadav Omkar"]
[Result "1-0"]
[ECO "B73"]
[WhiteElo "1664"]
[BlackElo "1725"]
[Annotator "NA RC COMBH"]
[PlyCount "78"]
[EventDate "2024.01.20"]
[EventType "swiss"]
[EventCountry "IND"]
[SourceTitle "playchess.com"]
[Source "ChessBase"]
[SourceQuality "1"]
[TimeControl "3600+30"]

1. e4 c5 2. Nf3 d6 3. d4 cxd4 4. Nxd4 Nf6 5. Nc3 g6 6. Be3 Bg7 7. Be2 O-O 8. O-O Nc6 9. h3 d5 10. exd5 Nxd5 11. Nxd5 Nxd4 12. Bxd4 Qxd5 13. Bxg7 Qxd1 14. Raxd1 Kxg7 15. Bf3 Be6 16. b3 Rac8 17. c4 b6 18. Bd5 Bxd5 19. Rxd5 Rfd8 20. Rfd1 Rxd5 21. Rxd5 Rc7 22. a4 a5 23. Kf1 Kf6 24. Ke2 Rc5 25. Rd7 Rc6 26. Rb7 e5 27. Kd3 Ke6 28. Kc3 h5 29. b4 axb4+ 30. Kxb4 f5 31. Kb5 Rc5+ 32. Kb4 Rc6 33. Kb5 Rc5+ 34. Kxb6 Rxc4 35. a5 Rc2 36. a6 Kd6 37. a7 Rb2+ 38. Ka5 Rxf2 39. Rb4 Ra2+ 1-0

[Event "1st Bangalore GM-Open-B 2024"]
[Site "Bangalore"]
[Date "2024.01.21"]
[Round "9.3"]
[White "Patil Divya"]
[Black "Sushanth Vaman Shetty"]
[Result "0-1"]
[ECO "C11"]
[WhiteElo "1669"]
[BlackElo "1704"]
[Annotator "NA RC COMBH"]
[PlyCount "136"]
[EventDate "2024.01.20"]
[EventType "swiss"]
[EventCountry "IND"]
[SourceTitle "playchess.com"]
[Source "ChessBase"]
[SourceQuality "1"]
[TimeControl "3600+30"]

1. e4 e6 2. d4 d5 3. Nc3 Nf6 4. e5 Nfd7 5. f4 c5 6. Nf3 Nc6 7. Be3 a6 8. Qd2 b5 9. dxc5 Bxc5 10. Bd3 Qb6 11. Bxc5 Nxc5 12. Qf2 b4 13. Ne2 a5 14. O-O Ba6 15. Bxa6 Rxa6 16. Rad1 Ne4 17. Qxb6 Rxb6 18. Nd2 Nc5 19. Nb3 Na4 20. Rb1 Ke7 21. Nec1 f6 22. exf6+ gxf6 23. Nd3 Kd6 24. Rbe1 Re8 25. Rf3 Rb7 26. Rh3 Nb6 27. f5 e5 28. Nbc5 Rf7 29. Ne6 Ne7 30. g4 Rg8 31. Rg3 h5 32. Ndc5 hxg4 33. Nb7+ Kd7 34. Rf1 Nc4 35. c3 Nd2 36. Rd1 Nf3+ 37. Kf2 Nxf5 38. Ned8 Nxg3 39. Rxd5+ Ke7 40. Nxf7 Ne4+ 41. Ke3 Kxf7 42. Kxe4 Nxh2 43. Nd6+ Kg6 44. Nf5 Kg5 45. Rd7 Nf3 46. c4 Nh4 47. Ne3 g3 48. c5 f5+ 49. Kxe5 f4 50. Nc2 Re8+ 51. Kd6 g2 52. Rg7+ Ng6 53. Nd4 Kf6 54. Rxg6+ Kxg6 55. Nf3 Kh5 56. c6 Kg4 57. Ng1 f3 58. Kd7 f2 59. Kxe8 fxg1=Q 60. c7 Qc5 61. Kd7 Qd5+ 62. Ke7 Qc6 63. Kd8 Qd6+ 64. Ke8 Qxc7 65. a4 g1=Q 66. b3 Qga7 67. Kf8 Qcb7 68. Ke8 Qba8# 0-1

[Event "1st Bangalore GM-Open-B 2024"]
[Site "Bangalore"]
[Date "2024.01.21"]
[Round "9.4"]
[White "Bharat Bansal"]
[Black "Bapat Aniket"]
[Result "0-1"]
[ECO "B56"]
[WhiteElo "1598"]
[BlackElo "1698"]
[Annotator "NA RC COMBH"]
[PlyCount "66"]
[EventDate "2024.01.20"]
[EventType "swiss"]
[EventCountry "IND"]
[SourceTitle "playchess.com"]
[Source "ChessBase"]
[SourceQuality "1"]
[TimeControl "3600+30"]

1. e4 c5 2. Nf3 Nc6 3. d4 cxd4 4. Nxd4 Nf6 5. Nc3 d6 6. Be3 e5 7. Nb3 Be6 8. f3 Be7 9. Qd2 O-O 10. O-O-O a5 11. a4 Nb4 12. Kb1 Rc8 13. Qf2 d5 14. Bb6 Qd6 15. Bxa5 d4 16. Nb5 Qc6 17. Bxb4 Bxb4 18. Bd3 Ra8 19. f4 Ng4 20. Qe2 Ne3 21. f5 Bc4 22. Bxc4 Nxc4 23. N3xd4 exd4 24. Rxd4 Rfc8 25. Rhd1 Bf8 26. b3 Na3+ 27. Nxa3 Bxa3 28. Qd3 Be7 29. e5 h6 30. f6 Bf8 31. Qg3 Qxc2+ 32. Ka1 Rc3 33. R4d3 Qxb3 0-1

[Event "1st Bangalore GM-Open-B 2024"]
[Site "Bangalore"]
[Date "2024.01.21"]
[Round "9.5"]
[White "Dawda Vihaan"]
[Black "Nayak, Biswajit"]
[Result "1-0"]
[ECO "D02"]
[WhiteElo "1706"]
[BlackElo "1990"]
[Annotator "RC"]
[PlyCount "81"]
[EventDate "2024.01.20"]
[EventType "swiss"]
[EventCountry "IND"]
[SourceTitle "playchess.com"]
[Source "ChessBase"]
[SourceQuality "1"]
[TimeControl "3600+30"]

1. Nf3 Nf6 2. g3 d5 3. Bg2 Bg4 4. O-O Nbd7 5. d4 c6 6. h3 Bxf3 7. exf3 e6 8. Nd2 c5 9. c4 Be7 10. cxd5 Nxd5 11. f4 O-O 12. f5 Nc7 13. Nc4 cxd4 14. Qxd4 Nc5 15. Qg4 exf5 16. Qxf5 N7e6 17. Be3 Qc7 18. b4 Na6 19. Rac1 Qd7 20. a3 Rad8 21. Na5 g6 22. Qf3 Qd3 23. Nc4 b6 24. Qb7 Nac7 25. Qxa7 Bf6 26. Nxb6 Nb5 27. Qa5 Nc3 28. Kh2 Nd4 29. Qa7 Nde2 30. Rce1 Be5 31. Na4 Bb8 32. Qa5 Rfe8 33. Nxc3 Nxc3 34. Bg5 Rc8 35. Bf6 Ne2 36. Qg5 Re6 37. Ba1 Rc2 38. Rd1 Nxg3 39. Qd8+ Qxd8 40. Rxd8+ Re8 41. Rxe8# 1-0

[Event "1st Bangalore GM-Open-B 2024"]
[Site "Bangalore"]
[Date "2024.01.21"]
[Round "10.1"]
[White "Yash Abhijit Patil"]
[Black "Selvamurugan B"]
[Result "1/2-1/2"]
[ECO "D77"]
[WhiteElo "1689"]
[BlackElo "1920"]
[Annotator "TA"]
[PlyCount "31"]
[EventDate "2024.01.20"]
[EventType "swiss"]
[EventCountry "IND"]
[SourceTitle "playchess.com"]
[Source "ChessBase"]
[SourceQuality "1"]
[TimeControl "3600+30"]

1. d4 Nf6 2. Nf3 g6 3. g3 Bg7 4. Bg2 O-O 5. O-O d5 6. c4 dxc4 7. Na3 Nc6 8. Nxc4 Be6 9. b3 Nd5 10. Bb2 {[%emt 0:01:45] Inhibits Nc3. Black must now prevent e4.} Nb6 11. Rc1 Bd5 12. Ne3 Be4 13. Nc4 Bd5 14. Ne3 Be4 15. Nc4 Bd5 16. Ne3 {[%emt 0:00:05] Weighted Error Value: White=0.20 (precise) /Black=0.05 (flawless) .  Mistake:       	White=1     	---        Inaccurate:     	White=1     	Black=1      OK:         	White=2     	Black=4      Best:        	---       	Black=1} ({Better is} 16. e3 $14) 1/2-1/2

[Event "1st Bangalore GM-Open-B 2024"]
[Site "Bangalore"]
[Date "2024.01.21"]
[Round "10.2"]
[White "Sushanth Vaman Shetty"]
[Black "Madhesh Kumar S"]
[Result "0-1"]
[ECO "C47"]
[WhiteElo "1704"]
[BlackElo "1664"]
[Annotator "NA RC COMBH"]
[PlyCount "64"]
[EventDate "2024.01.20"]
[EventType "swiss"]
[EventCountry "IND"]
[SourceTitle "playchess.com"]
[Source "ChessBase"]
[SourceQuality "1"]
[TimeControl "3600+30"]

1. e4 e5 2. Nf3 Nc6 3. Nc3 Nf6 4. a3 d5 5. Bb5 Nxe4 6. Qe2 Nxc3 7. Qxe5+ Be7 8. Bxc6+ bxc6 9. Qxc3 O-O 10. Qxc6 Rb8 11. O-O d4 12. Qe4 Bf6 13. d3 Rb6 14. b4 g5 15. Nd2 Bg7 16. Nc4 f5 17. Qe2 Re6 18. Qh5 f4 19. Bd2 Rh6 20. Qf3 g4 21. Qe4 Bf5 22. Qe1 Be6 23. f3 Bxc4 24. dxc4 d3 25. c3 g3 26. h3 Re8 27. Qb1 Re2 28. Bxf4 Bd4+ 29. Rf2 gxf2+ 30. Kh2 Re1 31. Qxd3 Rxa1 32. Qe4 f1=N+ 0-1

[Event "1st Bangalore GM-Open-B 2024"]
[Site "Bangalore"]
[Date "2024.01.21"]
[Round "10.3"]
[White "Bapat Aniket"]
[Black "Dawda Vihaan"]
[Result "0-1"]
[ECO "B99"]
[WhiteElo "1698"]
[BlackElo "1706"]
[Annotator "NA RC COMBH"]
[PlyCount "127"]
[EventDate "2024.01.20"]
[EventType "swiss"]
[EventCountry "IND"]
[SourceTitle "playchess.com"]
[Source "ChessBase"]
[SourceQuality "1"]
[TimeControl "3600+30"]

1. e4 c5 2. Nf3 d6 3. d4 cxd4 4. Nxd4 Nf6 5. Nc3 a6 6. Bg5 e6 7. f4 Be7 8. Qf3 Qc7 9. O-O-O Nbd7 10. g4 h6 11. h4 Nb6 12. e5 Nfd5 13. Bxe7 Qxe7 14. Ne4 dxe5 15. fxe5 O-O 16. g5 Qc7 17. Nf6+ Kh8 18. Qe4 gxf6 19. gxf6 Nxf6 20. exf6 Nd5 21. Ne2 Nxf6 22. Qe3 Ng4 23. Qf3 f5 24. Bh3 Qg7 25. Rhg1 e5 26. Bxg4 fxg4 27. Qe3 Bf5 28. Rd6 Bh7 29. Rxh6 Rf3 30. Qg5 Raf8 31. Ng3 Rf2 32. Ne4 R2f5 33. Qe3 Rf3 34. Qb6 Qf7 35. b3 Qf4+ 36. Nd2 Rf2 37. Rd1 Qf5 38. Qc7 Rf7 39. Qc3 g3 40. Rxh7+ Kxh7 41. Qxg3 Rc7 42. c3 Rd7 43. Qe3 Qf4 44. Qxf4 exf4 45. a4 f3 46. Ne4 Rxd1+ 47. Kxd1 Rf1+ 48. Kd2 Kg6 49. Ke3 b6 50. b4 Ra1 51. Kxf3 Rxa4 52. Ke3 Ra1 53. Nd6 Re1+ 54. Kd4 Rd1+ 55. Ke5 a5 56. bxa5 bxa5 57. Nb5 a4 58. c4 Rd3 59. h5+ Kxh5 60. c5 Rb3 61. Nd4 Rc3 62. Kd5 a3 63. Nb5 Rxc5+ 64. Kd4 0-1

[Event "1st Bangalore GM-Open-B 2024"]
[Site "Bangalore"]
[Date "2024.01.21"]
[Round "10.4"]
[White "Jaidambareesh N R"]
[Black "Tajane Ganesh"]
[Result "1-0"]
[ECO "A31"]
[WhiteElo "1757"]
[BlackElo "1655"]
[Annotator "NA RC COMBH"]
[PlyCount "159"]
[EventDate "2024.01.20"]
[EventType "swiss"]
[EventCountry "IND"]
[SourceTitle "playchess.com"]
[Source "ChessBase"]
[SourceQuality "1"]
[TimeControl "3600+30"]

1. Nf3 Nf6 2. g3 c5 3. Bg2 Nc6 4. O-O g6 5. c4 Bg7 6. Nc3 d6 7. d4 cxd4 8. Nxd4 Bd7 9. Nxc6 Bxc6 10. Bxc6+ bxc6 11. e4 O-O 12. Be3 Nd7 13. Rc1 Qa5 14. Bd2 Nc5 15. Qe2 Rab8 16. b3 Qc7 17. Bf4 e5 18. Be3 Ne6 19. Qd3 Rbd8 20. Ne2 Nc5 21. Bxc5 dxc5 22. Qe3 Qa5 23. Rc2 Rd7 24. Nc3 Rfd8 25. Na4 Rd4 26. h4 h5 27. Kg2 R8d7 28. Qe1 Qxe1 29. Rxe1 Bf8 30. Nb2 Rd2 31. Re2 Bh6 32. Na4 Rxc2 33. Rxc2 Bf8 34. Nb2 f5 35. Kf3 Kf7 36. Re2 Ke6 37. Re1 Rd4 38. Re2 Bh6 39. Na4 Kd6 40. Kg2 Bd2 41. f3 Bb4 42. Nb2 Ba3 43. Na4 Rd3 44. Kf2 Bc1 45. Rc2 Bh6 46. Nb2 Rd4 47. Re2 Bc1 48. Na4 Bd2 49. Nb2 f4 50. gxf4 exf4 51. Na4 Be3+ 52. Kg2 Rd1 53. Kh2 Ke5 54. Nb2 Rf1 55. Kg2 Rg1+ 56. Kh2 Rg3 57. Rxe3 fxe3 58. Kxg3 Kd4 59. Kg2 g5 60. hxg5 h4 61. g6 h3+ 62. Kh2 e2 63. g7 e1=Q 64. g8=Q Qf2+ 65. Kxh3 Qxf3+ 66. Qg3 Qh1+ 67. Kg4 Qf1 68. Qd3+ Qxd3 69. Nxd3 Kxd3 70. e5 Kc3 71. e6 Kb2 72. e7 Kxa2 73. e8=Q Kxb3 74. Qxc6 Kxc4 75. Qa6+ Kb4 76. Qxa7 c4 77. Qb6+ Ka4 78. Qc5 Kb3 79. Qb5+ Kc3 80. Kf3 1-0

[Event "1st Bangalore GM-Open-B 2024"]
[Site "Bangalore"]
[Date "2024.01.21"]
[Round "10.5"]
[White "Chaudhari, Ashish"]
[Black "Afreed T Khan"]
[Result "1/2-1/2"]
[ECO "E73"]
[WhiteElo "1648"]
[BlackElo "1668"]
[Annotator "NA RC COMBH"]
[PlyCount "42"]
[EventDate "2024.01.20"]
[EventType "swiss"]
[EventCountry "IND"]
[SourceTitle "playchess.com"]
[Source "ChessBase"]
[SourceQuality "1"]
[TimeControl "3600+30"]

1. d4 Nf6 2. c4 g6 3. Nc3 Bg7 4. e4 d6 5. Be2 O-O 6. Be3 e5 7. d5 Na6 8. g4 Nc5 9. f3 a5 10. Qd2 h5 11. h3 Kh7 12. O-O-O Bd7 13. Bg5 Qe8 14. Bf1 Ng8 15. gxh5 gxh5 16. h4 f6 17. Be3 Bh6 18. Bh3 Bxe3 19. Qxe3 Bxh3 20. Rxh3 Ne7 21. Nge2 Rg8 1/2-1/2